 Dungeon Sprint DCSS version 0.29-a0-392-g297d3b089c (webtiles) character file.

Game seed: 10330948885239850750

2727 mhtbhm the Bludgeoner (level 9, -2/65 HPs)
             Began as a Gargoyle Berserker on May 8, 2022.
             Was a High Priest of Trog.
             Slain by a shadow wraith (17 damage)
             ... in the Dungeon (Sprint VII: "The Pits").
             The game lasted 00:02:05 (1487 turns).

mhtbhm the Bludgeoner (Gargoyle Berserker)          Turns: 1487, Time: 00:02:06

Health: -2/65      AC: 25    Str: 28    XL:     9   Next: 67%
Magic:  9/9        EV: 12    Int:  8    God:    Trog [*****.]
Gold:   0          SH:  0    Dex:  9    Spells: 8/8 levels left

rFire   . . .      SeeInvis .   a - +2 dire flail (vorpal)
rCold   . . .      Faith    .   (shield currently unavailable)
rNeg    + . .      Spirit   .   b - +3 plate armour
rPois   ∞          Reflect  .   (no helmet)
rElec   +          Harm     .   p - +0 cloak
rCorr   .          Rampage  .   (no gloves)
Will    .....      NoTele   +   (no boots)
Stlth   ..........              (no amulet)
HPRegen 0.20/turn               l - +3 ring of evasion
MPRegen 0.11/turn               m - +3 ring of strength

@: slowed, very slow
A: sickness immunity, AC +6, negative energy resistance 1, electricity
resistance, torment resistance 1, petrification resistance
a: Renounce Religion, Berserk, Trog's Hand, Brothers in Arms


You were in the Dungeon.
You worshipped Trog.
Trog was extremely pleased with you.
You visited 1 branch

Inventory:

Hand Weapons
 a - a +2 vorpal dire flail (weapon)
Missiles
 k - a silver boomerang (quivered)
Armour
 b - a +3 plate armour (worn)
 p - a +0 cloak (worn)
Jewellery
 l - a +3 ring of evasion (left hand)
 m - a +3 ring of strength (right hand)
Scrolls
 h - a scroll of blinking
 j - a scroll of summoning
Potions
 c - 9 potions of curing
 d - 6 potions of heal wounds
 e - a potion of haste
 f - 4 potions of magic
 g - 5 potions of berserk rage
 i - 2 potions of invisibility
 n - a potion of might
 o - a potion of mutation


   Skills:
 + Level 12.2 Fighting
 + Level 15.1 Maces & Flails
 + Level 10.4 Armour
 + Level 6.4 Dodging
 + Level 1.9 Stealth


You had 8 spell levels left.
You didn't know any spells.
Your spell library was empty.

Dungeon Overview and Level Annotations

Branches:
Dungeon (1/1)

Altars:
Cheibriados
Dithmenos
Elyvilon
Fedhas
Gozag
Hepliaklqana
Makhleb
Nemelex Xobeh
Okawaru
Qazlal
Ru
Sif Muna
Trog
Wu Jian
Xom
Yredelemnul
Zin
The Shining One
Jiyva


Innate Abilities, Weirdness & Mutations

You are immune to sickness and miasma.
Your stone body is resilient. (AC +6)
You are immune to poison.
You resist negative energy. (rN+)
You are resistant to electric shocks. (rElec)
You are resistant to unholy torment.
You are immune to petrification.


Message History

The demonic crawler closely misses you.
You impale the demonic crawler!!
The demonic crawler is heavily wounded.
You bludgeon the demonic crawler!!
The demonic crawler is almost dead.
The demonic crawler hits you but does no damage. x2
The demonic crawler misses you.
You impale the demonic crawler!!
You kill the demonic crawler!
Trog accepts your kill.
Your Maces & Flails skill increases to level 15!
The jackal bites you. Something hits you but does no damage.
Deactivating autopickup; reactivate with Ctrl-A.
The jackal completely misses you.
You barely miss the jackal.
The jackal bites you but does no damage.
Something hits you!
You bludgeon the jackal!!
You kill the jackal!
Trog accepts your kill.
No target in view!
No target in view!
No target in view!
No target in view!
No target in view!
No target in view!
No target in view!
No target in view!
No target in view!
No target in view!
No target in view!
No target in view!
Something hits you! Something drains your vigour!
You feel yourself slow down.
You see here a jackal corpse.
You start resting.
Something hits you!
* * * LOW HITPOINT WARNING * * *
Something drains your vigour!
You feel as though you will be slow longer.
Something hits you!
You die...

'#####......#..#......#
....##................#
###)#####'#####''######
....##.......##''#
....##.......##..#
#†####.......##..#
....##...<...##..#
....##.......##..#
....##.......##.@#
######.......##...#
.#).###########....+
.#)############...##
.#)#....#..[.##..##
.#)#....#..[[##..#
.#.)....'..))##..#
.#'#....#..))##..#
.'.#....#..))#


There were no monsters in sight!

Vanquished Creatures
  A death knight (D)
  A two-headed ogre (D)
  A sea snake (D)
  A demonic crawler (D)
  A flying skull (D)
  A floating eye (D)
  2 phantoms (D)
  A bullfrog (D)
  4 wights (D)
  An orc priest (D)
  An adder (D)
  A river rat (D)
  3 orcs (D)
  An endoplasm (D)
  A giant cockroach (D)
  A goblin (D)
  A hobgoblin (D)
  2 jackals (D)
  A quokka (D)
  2 ball pythons (D)
  A bat (D)
29 creatures vanquished.

Vanquished Creatures (others)
  An orc wizard (D)
1 creature vanquished.

Grand Total: 30 creatures vanquished

Notes
Turn   | Place    | Note
-------+----------+-------------------------------------------
     0 | D        | mhtbhm the Gargoyle Berserker began the quest for the Orb.
     0 | D        | Reached XP level 1. HP: 14/14 MP: 1/1
   311 | D        | Reached ** piety under Trog
   320 | D        | Noticed a floating eye
   321 | D        | Paralysed by a floating eye for 4 turns
   329 | D        | Paralysed by a floating eye for 4 turns
   334 | D        | Paralysed by a floating eye for 3 turns
   340 | D        | Killed a floating eye
   341 | D        | Reached skill level 6 in Maces & Flails
   341 | D        | Reached XP level 2. HP: 17/23 MP: 2/2
   341 | D        | Reached XP level 3. HP: 21/28 MP: 3/3
   341 | D        | Reached XP level 4. HP: 24/32 MP: 4/4
   431 | D        | Noticed a bullfrog
   438 | D        | Killed a bullfrog
   438 | D        | Reached *** piety under Trog
   439 | D        | Reached skill level 7 in Maces & Flails
   439 | D        | Reached XP level 5. HP: 28/38 MP: 5/5
   608 | D        | Found a bloodstained altar of Trog.
   608 | D        | Found a shimmering blue altar of Sif Muna.
   608 | D        | Found a viscous altar of Jiyva.
   608 | D        | Found a hazy altar of Hepliaklqana.
   608 | D        | Found an opulent altar of Gozag.
   630 | D        | Noticed a phantom
   631 | D        | Noticed a phantom
   641 | D        | Killed a phantom
   642 | D        | Reached skill level 8 in Maces & Flails
   642 | D        | Reached skill level 1 in Stealth
   642 | D        | Reached XP level 6. HP: 44/44 MP: 6/6
   642 | D        | Reached **** piety under Trog
   652 | D        | Reached skill level 9 in Maces & Flails
   652 | D        | Reached skill level 5 in Armour
   700 | D        | Noticed a flying skull
   714 | D        | Killed a flying skull
   715 | D        | Reached skill level 10 in Maces & Flails
   715 | D        | Reached skill level 5 in Dodging
   715 | D        | Reached XP level 7. HP: 51/51 MP: 7/7
   804 | D        | Noticed a sea snake
   828 | D        | Killed a sea snake
   829 | D        | Reached skill level 10 in Fighting
   829 | D        | Reached skill level 12 in Maces & Flails
   829 | D        | Reached XP level 8. HP: 21/58 MP: 8/8
  1065 | D        | Reached ***** piety under Trog
  1251 | D        | Noticed a death knight
  1251 | D        | Noticed a two-headed ogre
  1258 | D        | Killed a two-headed ogre
  1259 | D        | Reached skill level 13 in Maces & Flails
  1259 | D        | Reached XP level 9. HP: 64/64 MP: 9/9
  1265 | D        | Killed a death knight
  1266 | D        | Reached skill level 14 in Maces & Flails
  1272 | D        | Reached skill level 10 in Armour
  1452 | D        | Found a glowing golden altar of the Shining One.
  1452 | D        | Found a glowing silver altar of Zin.
  1452 | D        | Found a basalt altar of Yredelemnul.
  1452 | D        | Found a shimmering altar of Xom.
  1452 | D        | Found an ornate altar of the Wu Jian Council.
  1452 | D        | Found a sacrificial altar of Ru.
  1452 | D        | Found a stormy altar of Qazlal.
  1452 | D        | Found an iron altar of Okawaru.
  1452 | D        | Found a sparkling altar of Nemelex Xobeh.
  1452 | D        | Found a burning altar of Makhleb.
  1452 | D        | Found a blossoming altar of Fedhas.
  1452 | D        | Found a white marble altar of Elyvilon.
  1452 | D        | Found a shadowy altar of Dithmenos.
  1452 | D        | Found a snail-covered altar of Cheibriados.
  1474 | D        | Noticed a demonic crawler
  1482 | D        | Killed a demonic crawler
  1483 | D        | Reached skill level 15 in Maces & Flails
  1487 | D        | Slain by a shadow wraith

Illustrated notes

Levels and vault maps discovered:
D:        pitsprint [storerooms_1, entrance_room_1, metal_vault_3, armoury_1,
          mini_pit_1, grid_room_1, main_hall_1, silver_pit, the_coven_2,
          the_vestibule_1, steel_vault_1, golden_pit, hallway_of_sentries,
          crystal_vault_4, iron_vault_1, final_vault]

Skill      XL: |  1  2  3  4  5  6  7  8  9 |
---------------+----------------------------+-----
Fighting       | 6 7 8 9 10 11 12 | 12.2
Maces & Flails | 6 7 8 10 12 13 15 | 15.1
Armour         | 3 4 5 7 9 10 | 10.4
Dodging        | 3 4 5 6 |  6.4
Stealth        | 1 |  1.9

Action                   |  1- 3 |  4- 6 |  7- 9 || total
-------------------------+-------+-------+-------++-------
Melee: Mace              |    27 |    36 |    44 ||   107
       Punch             |       |     1 |     1 ||     2
       Morningstar       |       |       |    19 ||    19
       Dire flail        |       |       |     8 ||     8
Invok: Berserk           |       |     3 |     3 ||     6
       Brothers in Arms  |       |       |     1 ||     1
  Use: Potion            |       |       |     2 ||     2
Armor: Animal skin       |    14 |     2 |       ||    16
       Plate armour      |       |    13 |    29 ||    42
Dodge: Dodged            |    12 |    10 |    21 ||    43

Table legend: (Time is in decaauts)
 A = Elapsed time spent in this place.
 B = Non-inter-level travel time spent in this place.
 C = Inter-level travel time spent in this place.
 D = Time resting spent in this place.
 E = Time spent auto-exploring this place.
 F = Levels seen in this place.
 G = Mean time per level.
                   A        B        C        D        E       F      G
               +--------+--------+--------+--------+--------+-----+--------+
         Total |   1518 |   1518 |      0 |   1025 |     88 |   1 | 1518.0 |
       Dungeon |   1518 |   1518 |      0 |   1025 |     88 |   1 | 1518.0 |
               +--------+--------+--------+--------+--------+-----+--------+

Top non-repeatable levels by time:
       D: 1518 daAuts
